 Dungeon Crawl Stone Soup version 0.30-a0-476-g330ca2eb8e (webtiles) character file.

Game seed: 17787194579214396856

109 Anon1729 the Trooper (level 4, -16/49 HPs)
             Began as an Ogre Monk on Dec 21, 2022.
             Was a Believer of Makhleb.
             Demolished by an ogre
             ... wielding a +0 giant spiked club
              (28 damage)
             ... on level 4 of the Dungeon.
             The game lasted 00:03:08 (3086 turns).

Anon1729 the Trooper (Ogre Monk)                    Turns: 3086, Time: 00:03:09

Health: -16/49     AC:  3    Str: 17    XL:     4   Next: 90%
Magic:  4/4        EV: 10    Int: 11    God:    Makhleb [**....]
Gold:   198        SH:  0    Dex: 11    Spells: 3/3 levels left

rFire   . . .      SeeInvis .    a - +0 mace
rCold   . . .      Faith    .    (no shield)
rNeg    . . .      Spirit   .    b - +0 robe
rPois   .          Reflect  .    (helmet restricted)
rElec   .          Harm     .    (no cloak)
rCorr   .          Rampage  .    (gloves unavailable)
Will    .....                    (boots unavailable)
Stlth   ++........               (no amulet)
HPRegen 0.28/turn                (no ring)
MPRegen 0.09/turn                (no ring)

@: no status effects
A: large, unfitting armour, tough skin 1
a: Renounce Religion, Minor Destruction


You were on level 4 of the Dungeon.
You worshipped Makhleb.
Makhleb was pleased with you.
You visited 1 branch of the dungeon, and saw 4 of its levels.

You collected 198 gold pieces.

Inventory:

Hand Weapons
 a - a +0 mace (weapon)
Armour
 b - a +0 robe (worn)
Jewellery
 i - a ring of poison resistance
Wands
 o - a wand of paralysis (10)
Scrolls
 d - 2 scrolls of fog {unknown}
 f - 2 scrolls of vulnerability {unknown}
 h - 6 scrolls of teleportation {unknown}
 j - a scroll of magic mapping {unknown}
 n - a scroll of poison {unknown}
 q - a scroll of identify {unknown}
 s - a scroll of fear {unknown}
Potions
 c - a potion of ambrosia
 e - a potion of degeneration {unknown}
 g - 3 potions of curing {unknown}
 k - a potion of mutation {unknown}
 l - 2 potions of brilliance {unknown}
 m - a potion of heal wounds {unknown}
 p - a potion of lignification {unknown}
 r - a potion of flight {unknown}


   Skills:
 + Level 4.8 Fighting
 * Level 3.5 Maces & Flails
 + Level 1.0 Armour
 + Level 3.3 Dodging
 - Level 1.6 Stealth
 * Level 0.7 Invocations


You had 3 spell levels left.
You didn't know any spells.
Your spell library contained the following spells:

 Spells                   Type           Power      Damage    Failure   Level
 Searing Ray              Conj           0%         2d4       47%         2
 Static Discharge         Conj/Air       0%         2-2/arc   47%         2
 Vampiric Draining        Necr           0%         2d6       71%         3
 Vhi's Electric Charge    Tloc/Air       0%         N/A       71%         3
 Arcjolt                  Conj/Air       0%         1d10      100%        5
 Lightning Bolt           Conj/Air       0%         1d11      100%        5
 Malign Gateway           Summ/Tloc      0%         N/A       100%        7
 Orb of Destruction       Conj           0%         9d5       100%        7
 Summon Horrible Things   Summ           0%         N/A       100%        8


Dungeon Overview and Level Annotations

Branches:
Dungeon (4/15)
 Temple: D:4-7

Altars:
Ashenzari
Makhleb
The Shining One

Shops:
D:3 [

Annotations:
D:2 1 runed translucent door, Crazy Yiuf


Innate Abilities, Weirdness & Mutations

You are too large for most types of armour.
You have tough skin. (AC +1)


Message History

The dart slug completely misses you.
You hit the dart slug.
The dart slug is moderately wounded.
The dart slug bites you.
You completely miss the dart slug.
The dart slug is moderately wounded.
You hit the dart slug.
The dart slug is severely wounded.
The dart slug bites you but does no damage.
You hit the dart slug.
You kill the dart slug!
Makhleb accepts your kill.
You feel better.
No target in view!
You see here a +2 whip of venom.
Found 8 stones.
Found a stone staircase leading up.
No target in view!
No target in view!
No target in view!
No target in view!
s - a scroll labelled VONKUS MAZXISH
Found a leather armour.
You see here a +0 leather armour.
You see here a +0 leather armour.
An ogre comes into view. It is wielding a +0 giant spiked club.
The ogre shouts!
A goblin comes into view. It is wielding a +0 club.
The ogre hits you with a +0 giant spiked club!!
The goblin shouts!
You hit the ogre.
The ogre is lightly wounded.
The ogre hits you with a +0 giant spiked club!!
* * * LOW HITPOINT WARNING * * *
You are too injured to fight recklessly!
You are too injured to fight recklessly!
The ogre attacks as you move away!
The ogre hits you with a +0 giant spiked club!!
Ouch! That really hurt!
You die...

## #. ##### ... ..
#...# #.###. #.#.#.#
..... #.#.#.# ....
#.#.#.# #..##
#.#.#.# #.Og#
#.#.#.# #..@###
#.#.#.#
#.....#####.#[#.#
#..##....##.....#
#......(........#
#.######..##########
#.......#...........
#######.#.##.#######
......<...##..###
#############...####


You could see an ogre and a goblin.

Vanquished Creatures
  3 adders
  2 worms (D:2)
  3 dart slugs
  An orc (D:3)
  7 ball pythons
  8 bats
  6 endoplasms
  4 giant cockroaches
  5 goblins
  4 hobgoblins
  2 jackals (D:2)
  5 kobolds
  2 quokkas (D:2)
  3 frilled lizards
  12 rats
67 creatures vanquished.

Notes
Turn   | Place    | Note
-------+----------+-------------------------------------------
     0 | D:1      | Anon1729 the Ogre Monk began the quest for the Orb.
     0 | D:1      | Reached XP level 1. HP: 24/24 MP: 1/1
   142 | D:1      | Reached XP level 2. HP: 29/32 MP: 2/2
   373 | D:1      | Reached XP level 3. HP: 40/40 MP: 3/3
   549 | D:1      | Got the Codex of Damaging Death
  1413 | D:2      | Reached XP level 4. HP: 27/49 MP: 4/4
  1545 | D:2      | Found a faded altar of an unknown god.
  1671 | D:2      | Found a runed translucent door.
  1672 | D:2      | Noticed Crazy Yiuf
  2095 | D:3      | Found a burning altar of Makhleb.
  2338 | D:3      | Became a worshipper of Makhleb the Destroyer
  2338 | D:3      | Reached * piety under Makhleb
  2338 | D:3      | Reached ** piety under Makhleb
  2359 | D:3      | Reached skill level 1 in Armour
  2550 | D:3      | Found Heoh's Antique Armour Shop.
  2673 | D:3      | Found a glowing golden altar of the Shining One.
  2752 | D:3      | Found a broken altar of Ashenzari.
  3081 | D:4      | Noticed an ogre
  3086 | D:4      | Demolished by an ogre

Illustrated notes

Levels and vault maps discovered:
D:1:      minmay_arrival_glassed_features, layout_loops_ring,
          minmay_tetromino_l2
D:2:      layout_basic, shapermc_ecumenical_altar_mp_vishouse,
          uniq_crazy_yiuf_cottage
D:3:      layout_loops_cross, bloody_makhleb, ashenzari_conservatory_becter,
          tso_altar, serial_shops, nicolae_shop_crystal, minmay_misc_feat_rows,
          hangedman_decor_push, dk_noncrumbling_4
D:4:      layout_basic

Skill      XL: |  1  2  3  4 |
---------------+-------------+-----
Maces & Flails | 3 |  3.5
Dodging        | 3 |  3.3
Armour         | 1 |  1.0
Fighting       | |  4.8
Stealth        | |  1.6
Invocations    | |  0.7

Action                   |  1- 3 |  4- 6 || total
-------------------------+-------+-------++-------
Melee: Mace              |   137 |    74 ||   211
 Stab: Sleeping          |     3 |     1 ||     4
Armor: Robe              |    43 |    27 ||    70
Dodge: Dodged            |    66 |    41 ||   107

Table legend: (Time is in decaauts)
 A = Elapsed time spent in this place.
 B = Non-inter-level travel time spent in this place.
 C = Inter-level travel time spent in this place.
 D = Time resting spent in this place.
 E = Time spent auto-exploring this place.
 F = Levels seen in this place.
 G = Mean time per level.
                   A        B        C        D        E       F      G
               +--------+--------+--------+--------+--------+-----+--------+
         Total |   3137 |   3000 |    137 |    213 |   2211 |   4 |  784.2 |
       Dungeon |   3137 |   3000 |    137 |    213 |   2211 |   4 |  784.2 |
               +--------+--------+--------+--------+--------+-----+--------+

Top non-repeatable levels by time:
     D:2: 1226 daAuts
     D:3: 893 daAuts
     D:1: 864 daAuts
     D:4: 152 daAuts
